 Dungeon Crawl Stone Soup version 0.25-a0-1073-gf4359a17dd (webtiles) character file.

Game seed: 2317248083120615770, levelgen mode: deterministic

7 Esekla the Magician (level 2, -4/17 HPs)
             Began as an Octopode Wizard on May 14, 2020.
             Was a Follower of Vehumet.
             Shot with an arrow by a centaur (8 damage)
             ... on level 2 of the Dungeon.
             The game lasted 00:02:00 (203 turns).

Esekla the Magician (Octopode Wizard)                Turns: 203, Time: 00:02:02

Health: -4/17      AC:  1    Str:  6    XL:     2   Next: 4%
Magic:  6/6        EV: 13    Int: 20    God:    Vehumet [*.....]
Gold:   0          SH:  0    Dex: 10    Spells: 6/7 levels left

rFire    . . .     SeeInvis .   d - +0 dagger
rCold    . . .     Gourm    .   (no shield)
rNeg     . . .     Faith    .   a - +0 hat
rPois    .         Spirit   .   (no amulet)
rElec    .         Reflect  .   e - ring of protection from magic
rCorr    .         Harm     .   (no ring)
MR       +....                  (no ring)
Stlth    +++.......             (no ring)
HPRegen  0.05/turn              (no ring)
MPRegen  0.10/turn              (no ring)
                                (no ring)
                                (no ring)

@: no status effects
A: almost no armour, stealthy swim, amphibious, 8 rings, constrict 8, camouflage
1, gelatinous body 1
a: Renounce Religion


You were on level 2 of the Dungeon.
You worshipped Vehumet.
Vehumet was aware of your devotion.
You were not hungry.

You visited 1 branch of the dungeon, and saw 2 of its levels.

Inventory:

Hand Weapons
 d - a +0 dagger (weapon)
Armour
 a - a +0 hat (worn)
Jewellery
 e - a ring of protection from magic (left tentacle)
Scrolls
 b - 3 scrolls of identify {unknown}
Comestibles
 c - a ration


   Skills:
 * Level 2.1 Dodging
 + Level 2.6 Stealth
 * Level 3.3 Spellcasting
 + Level 1.1 Conjurations
   Level 1.0 Summonings
   Level 1.0 Translocations


You had 6 spell levels left.
You knew the following spells:

 Your Spells              Type           Power        Failure   Level  Hunger
a - Magic Dart            Conj           #...         9%          1    None

Your spell library contained the following spells:

 Spells                   Type           Power        Failure   Level  Hunger
 Sandblast                Erth           #.....       14%         1    None
 Blink                    Tloc           N/A          14%         2    ##.....
 Call Imp                 Summ           #.......     14%         2    ##.....
 Slow                     Hex            #.......     21%         2    ##.....
 Conjure Flame            Conj/Fire      #.......     32%         3    ###....
 Mephitic Cloud           Conj/Pois/Air  #.......     34%         3    ###....


Dungeon Overview and Level Annotations

Branches:
Dungeon (2/15)

Altars:
Vehumet


Innate Abilities, Weirdness & Mutations

You cannot wear most types of armour.
You are very stealthy in the water. (Stealth+)
You are amphibious.
You can wear up to eight rings at the same time.
You can use your tentacles to constrict eight enemies at once.
Your skin changes colour to match your surroundings (Stealth+).
Your rubbery body absorbs attacks. (AC +1, EV +1)


Message History

The arrow closely misses you. The dart slug launches a dart at you.
The slug dart hits you.
Ouch! That really hurt!
* * * LOW HITPOINT WARNING * * *
e - a ring of protection from magic (left tentacle)
You constrict the dart slug, but do no damage.
You hit the dart slug but do no damage.
The dart slug is heavily wounded.
You constrict the dart slug. The dart slug bites you.
* * * LOW HITPOINT WARNING * * *
You aren't carrying any potions.
You hit the dart slug but do no damage. You squeeze the dart slug.
You kill the dart slug!
Vehumet accepts your kill.
You have reached level 2!
The centaur shoots an arrow.
The arrow barely misses you.
The centaur shoots an arrow.
The arrow completely misses you.
The centaur shoots an arrow.
The arrow hits you!
You die...

##.#####..#........
#.........#..#####.
#.......#(##.# #.
####.......#..###
.$..............
.................
...%..............
##########.......###
....$..@K).........
#....c##########.#.
#.... .r #$.. #.. #.
#


You could see a centaur and a kobold.

Vanquished Creatures
  A dart slug (D:2)
  2 goblins
  A kobold (D:1)
  A rat (D:2)
5 creatures vanquished.

Notes
Turn   | Place    | Note
-------+----------+-------------------------------------------
     0 | D:1      | Esekla the Octopode Wizard began the quest for the Orb.
     0 | D:1      | Reached XP level 1. HP: 11/11 MP: 4/4
   168 | D:2      | Found a faded altar of an unknown god.
   176 | D:2      | Became a worshipper of Vehumet
   176 | D:2      | Reached * piety under Vehumet
   176 | D:2      | Offered knowledge of Sandblast by Vehumet.
   195 | D:2      | Noticed a centaur
   202 | D:2      | Reached XP level 2. HP: 4/17 MP: 6/6
   203 | D:2      | Shot with an arrow by a centaur

Illustrated notes

Levels and vault maps discovered:
D:1:      lightli_arrival_statuegarden, layout_basic
D:2:      layout_basic, chequers_temple_overflow_statue_of_worship,
          chequers_ecumenical_altar_simple, first_ration, uniq_terence

Action                   || total
-------------------------++-------
Melee: Dagger            ||     6
       Constrict         ||     3
       Tentacles         ||     2
       Unarmed           ||     1
 Cast: Magic Dart        ||     4
Armor: Skin              ||     2
Dodge: Dodged            ||     8

Table legend:
 A = Non-vault XP
 B = Vault XP
 C = Vault XP percentage of total XP
 D = Non-vault monster count
 E = Vault monster count
 F = Vault count percentage of total count
                 A         B        C        D         E       F
            +---------+---------+-------+---------+---------+-------
      Total |      11 |       0 |   0.0 |       5 |       0 |   0.0
            +---------+---------+-------+---------+---------+-------
        D:1 |       4 |       0 |   0.0 |       2 |       0 |   0.0
        D:2 |       7 |       0 |   0.0 |       3 |       0 |   0.0
            +---------+---------+-------+---------+---------+-------
